AoeStats
← EMPEROR98265292

Lombardia

510164267Analyzed
4v4 RM · 3d ago on Sep 29, 2026· 67m 36s· 8 players
Game mode
Random Map
Map size
Large (8 player)
Population
200
Speed
Normal
Resources
Standard
Victory
Conquest
Starting age
Dark Age
Ending age
Imperial Age
RankedLock teamsTeams togetherTeam positionsShared explorationLock speedFull tech treeHidden civsTurbo modeCheats
Victory
Defeat
🇰🇿 Spanish · Kazakhstan
1721
+8
🇩🇪 Magyars · Germany
1449
+19
🇬🇧 Maya · United Kingdom
1434
+19
🇩🇪 Cumans · Germany
1384
+20
🇧🇷 Hindustanis · Brazil
1572
-19
🇮🇳 Mapuche · India
1562
-19
🇬🇧 Berbers · United Kingdom
1481
-15
🇮🇳 Mongols · India
1421
-13
Frankie Fast Hands
13:35 Feudal Age
17:16 Castle Age
15:19 Double-Bit Axe
15:37 Horse Collar
17:08 Gold Mining
18:53 Scale Barding Armor
18:58 Forging
20:04 Gold Shaft Mining
19:43 Bow Saw
19:43 Husbandry
20:52 Bloodlines
21:54 Loom
26:09 Iron Casting
27:51 Wheelbarrow
27:50 Chain Barding Armor
39:06 Stone Mining
41:04 Stone Shaft Mining
43:42 Imperial Age
41:31 Fortified Wall
42:23 Coinage
42:15 Fletching
42:26 Padded Archer Armor
42:48 Ballistics
43:00 Caravan
44:24 Hand Cart
45:21 Conscription
46:22 Chemistry
45:21 Bodkin Arrow
45:41 Leather Archer Armor
45:21 Elite Camel Archer
46:37 Banking
46:35 Bracer
48:37 Masonry
48:23 Elite Camel Archer
50:28 Ring Archer Armor
50:42 Banking
50:47 Thumb Ring
50:17 Elite Skirmisher
52:56 Maghrebi Camels
54:26 Hoardings
EMPEROR98265292
6:53 Loom
12:01 Feudal Age
16:45 Castle Age
16:01 Double-Bit Axe
16:52 Fletching
17:53 Bodkin Arrow
20:53 Padded Archer Armor
33:49 Bow Saw
33:20 Horse Collar
34:53 Wheelbarrow
35:54 Ballistics
36:32 Gold Mining
37:07 Malon
37:37 Leather Archer Armor
39:15 Gold Shaft Mining
38:41 Heavy Plow
39:27 Hand Cart
43:01 Imperial Age
42:21 Caravan
44:14 Ring Archer Armor
43:06 Elite Bolas Rider
43:53 Butalmapu
44:08 Conscription
54:57 Arrowslits
56:13 Chemistry
59:58 Elite Genitour
Sanskari Ladka
10:45 Feudal Age
12:22 Double-Bit Axe
12:19 Horse Collar
14:46 Castle Age
23:31 Loom
26:03 Bow Saw
25:58 Heavy Plow
27:34 Wheelbarrow
31:13 Imperial Age
29:23 Fletching
30:19 Bodkin Arrow
30:25 Padded Archer Armor
30:50 Ballistics
32:07 Hand Cart
31:57 Bracer
33:06 Chemistry
34:44 Leather Archer Armor
34:34 Scale Barding Armor
34:40 Forging
34:41 Bloodlines
34:31 Husbandry
34:49 Elite Steppe Lancer
36:32 Conscription
39:50 Chain Barding Armor
40:06 Iron Casting
39:21 Elite Mangudai
40:37 Light Cavalry
43:39 Caravan
46:38 Hoardings
46:21 Masonry
54:06 Siege Engineers
54:15 Fortified Wall
62:14 Hussar
BruToO
4:48 Loom
11:15 Feudal Age
15:19 Castle Age
13:13 Double-Bit Axe
13:47 Horse Collar
21:06 Wheelbarrow
24:34 Scale Barding Armor
25:46 Forging
28:17 Stone Mining
28:18 Gold Mining
28:55 Bow Saw
28:49 Heavy Plow
29:44 Husbandry
29:54 Bloodlines
31:46 Fortified Wall
31:58 Hand Cart
36:29 Imperial Age
35:16 Chain Barding Armor
36:48 Caravan
36:57 Heavy Camel Rider
38:12 Plate Barding Armor
38:13 Iron Casting
38:53 Two-Man Saw
38:50 Imperial Camel Rider
41:47 Blast Furnace
41:13 Conscription
43:32 Coinage
46:57 Gold Shaft Mining
47:18 Banking
48:21 Light Cavalry
49:27 Fletching
49:18 Hussar
51:22 Masonry
53:15 Bodkin Arrow
56:17 Siege Elephant
60:39 Chemistry
59:46 Siege Engineers
Lishen
0:26 Loom
10:29 Feudal Age
15:02 Castle Age
14:03 Double-Bit Axe
14:00 Horse Collar
14:37 Stone Mining
14:37 Gold Mining
19:56 Fletching
30:33 Bodkin Arrow
32:42 Wheelbarrow
34:44 Imperial Age
33:20 Town Watch
35:14 Hand Cart
35:14 Heavy Plow
35:26 Bow Saw
36:21 Stone Shaft Mining
35:49 Bracer
35:51 Padded Archer Armor
36:31 Conscription
37:26 Leather Archer Armor
38:06 Hoardings
38:02 Caravan
38:33 Coinage
38:14 Guilds
39:38 Ring Archer Armor
39:31 Ballistics
40:11 Chemistry
40:48 Elite Plumed Archer
42:30 Banking
43:24 Two-Man Saw
43:24 Fortified Wall
43:25 Masonry
43:30 Town Patrol
46:25 Forging
46:16 Scale Mail Armor
47:13 Crop Rotation
47:51 Iron Casting
49:15 Architecture
48:26 Treadmill Crane
50:11 Holcans
51:10 Blast Furnace
50:25 Chain Mail Armor
53:36 Squires
54:01 Eagle Warrior
55:12 Plate Mail Armor
55:00 Elite Eagle Warrior
57:15 Arson
65:20 Murder Holes
chrissi.pk
6:58 Loom
9:39 Feudal Age
11:37 Horse Collar
13:08 Double-Bit Axe
20:41 Castle Age
19:15 Scale Barding Armor
19:43 Bloodlines
20:06 Forging
21:49 Chain Barding Armor
22:18 Wheelbarrow
24:49 Iron Casting
25:26 Town Watch
32:35 Imperial Age
31:48 Gold Mining
34:01 Plate Barding Armor
32:56 Cavalier
35:17 Blast Furnace
35:46 Bow Saw
35:00 Light Cavalry
39:25 Hand Cart
40:54 Paladin
43:01 Gold Shaft Mining
42:31 Heavy Plow
43:36 Two-Man Saw
42:37 Town Patrol
43:40 Stone Mining
43:39 Hussar
48:23 Caravan
54:01 Steppe Husbandry
54:41 Fletching
57:06 Padded Archer Armor
57:02 Bodkin Arrow
57:22 Masonry
58:53 Ballistics
59:34 Chemistry
60:08 Conscription
61:00 Hoardings
61:36 Crop Rotation
[SavBs] Der Habicht
9:25 Feudal Age
13:51 Horse Collar
23:34 Castle Age
22:00 Scale Barding Armor
24:15 Padded Archer Armor
24:06 Fletching
26:46 Wheelbarrow
26:21 Bodkin Arrow
27:03 Gold Mining
27:28 Double-Bit Axe
35:53 Imperial Age
33:16 Town Watch
33:48 Hand Cart
34:34 Bow Saw
34:53 Leather Archer Armor
35:49 Heavy Plow
36:28 Ballistics
36:34 Husbandry
36:45 Bloodlines
37:11 Parthian Tactics
36:53 Thumb Ring
37:00 Town Watch
38:18 Gold Shaft Mining
38:24 Bracer
39:31 Two-Man Saw
39:36 Chemistry
38:37 Heavy Cavalry Archer
40:28 Caravan
40:58 Coinage
42:52 Conscription
42:46 Recurve Bow
52:13 Corvinian Army
59:18 Crop Rotation
SHell | Denchik_Ne_Lohx
11:09 Feudal Age
14:54 Castle Age
12:55 Double-Bit Axe
12:58 Horse Collar
16:00 Bow Saw
20:27 Loom
22:40 Town Watch
23:34 Heavy Plow
24:18 Wheelbarrow
24:59 Husbandry
25:42 Stone Mining
26:49 Gold Mining
27:04 Padded Archer Armor
27:15 Bloodlines
28:09 Hand Cart
30:19 Leather Archer Armor
29:55 Fletching
34:07 Imperial Age
31:59 Fortified Wall
34:52 Caravan
35:32 Conscription
34:39 Elite Conquistador
35:50 Ring Archer Armor
35:16 Bodkin Arrow
36:19 Ballistics
36:09 Masonry
36:34 Murder Holes
37:40 Chemistry
37:28 Stone Shaft Mining
38:12 Two-Man Saw
37:46 Bracer
40:16 Hoardings
40:03 Supremacy
40:37 Architecture
41:07 Chemistry
39:47 Capped Ram
41:27 Guilds
41:47 Coinage
40:58 Siege Ram
43:34 Banking
43:49 Bombard Tower
64:11 Inquisition
63:58 Arrowslits
64:04 Guard Tower
Connection lost

Rejoining the realm…

Still unreachable

The connection could not be restored.

Session expired

The server has moved on; the page needs a fresh start.